 Dungeon Crawl Stone Soup version 0.30.1-11-g7821555f0a (webtiles) character file.

Game seed: 7270448826675210044

50 KittyFluff the Trooper (level 3, -1/34 HPs)
             Began as a Gargoyle Berserker on Nov 12, 2023.
             Was a Believer of Trog.
             Slain by an adder (2 damage)
             ... on level 2 of the Dungeon.
             The game lasted 00:04:24 (1113 turns).

KittyFluff the Trooper (Gargoyle Berserker)         Turns: 1113, Time: 00:04:25

Health: -1/34      AC:  5    Str: 22    XL:     3   Next: 79%
Magic:  3/3        EV: 12    Int:  7    God:    Trog [**....]
Gold:   46         SH:  0    Dex:  9    Spells: 2/2 levels left

rFire   . . .        a - +0 mace
rCold   . . .        (no shield)
rNeg    + . .        b - +0 animal skin
rPois   ∞            (no helmet)
rElec   +            (no cloak)
rCorr   .            (no gloves)
SInv    .            (no boots)
Will    .....        (no amulet) Stlth
                     (no ring)
HPRegen 0.25/turn    (no ring)
MPRegen 0.08/turn

%: no passive effects
@: berserking, very quick
A: sickness immunity, AC +3, negative energy resistance 1, electricity
resistance, torment resistance 1, petrification resistance
a: Renounce Religion, Berserk, Trog's Hand


You were on level 2 of the Dungeon.
You worshipped Trog.
Trog was pleased with you.
You visited 1 branch of the dungeon, and saw 2 of its levels.

You collected 46 gold pieces.

Inventory:

Hand Weapons
 a - a +0 mace (weapon)
 m - a +0 quarterstaff
Missiles
 j - 5 poisoned darts (quivered)
Armour
 b - a +0 animal skin (worn)
Scrolls
 e - 2 scrolls of identify {unknown}
 g - a scroll of torment {unknown}
 h - a scroll of enchant armour {unknown}
 k - a scroll of vulnerability {unknown}
 l - a scroll of blinking {unknown}
Potions
 c - a potion of berserk rage {unknown}
 d - a potion of ambrosia {unknown}
 f - a potion of heal wounds {unknown}
 i - a potion of resistance {unknown}


   Skills:
 + Level 3.5 Fighting
 * Level 3.5 Maces & Flails
 * Level 3.1 Armour
 + Level 1.8 Dodging
 + Level 1.0 Stealth


You had 2 spell levels left.
You didn't know any spells.
Your spell library was empty.

Dungeon Overview and Level Annotations

Branches:
Dungeon (2/15)

Altars:


Innate Abilities, Weirdness & Mutations

You are immune to sickness and miasma.
Your stone body is resilient. (AC +3)
You are immune to poison.
You resist negative energy. (rN+)
You are resistant to electric shocks. (rElec)
You are resistant to unholy torment.
You are immune to petrification.


Message History

The adder closely misses you.
You barely miss the adder. The bat barely misses you.
The adder bites you but does no damage.
The hobgoblin hits you but does no damage.
The bat closely misses you. The adder barely misses you.
You closely miss the adder. The hobgoblin hits you.
The adder closely misses you. The hobgoblin hits you.
You hit the adder.
The adder is moderately wounded.
The bat closely misses you. The adder barely misses you.
The adder closely misses you. The adder bites you.
The hobgoblin closely misses you.
You sock the adder!
The adder is almost dead.
The bat hits you but does no damage. The adder bites you.
* * * LOW HITPOINT WARNING * * *
The adder barely misses you. The adder completely misses you.
The hobgoblin barely misses you.
A red film seems to cover your vision as you go berserk!
You feel yourself moving faster!
You feel mighty! The adder bites you.
* * * LOW HITPOINT WARNING * * *
The adder bites you.
* * * LOW HITPOINT WARNING * * *
The hobgoblin hits you.
* * * LOW HITPOINT WARNING * * *
The bat hits you but does no damage. The adder closely misses you.
You barely miss the hobgoblin. The bat barely misses you. The adder misses you.
A ball python comes into view.
The adder closely misses you. The hobgoblin misses you.
The adder bites you but does no damage.
The ball python hisses angrily.
You hit the hobgoblin.
You kill the hobgoblin!
Trog accepts your kill. The bat hits you but does no damage.
The adder closely misses you.
You thump the adder!
You kill the adder!
Trog accepts your kill. The bat barely misses you.
The adder closely misses you. The adder bites you.
You die...

#....# #. .########....#
#. ........#...†# #.
........#....##########.
........#.............†.
........#...........†...
........#...............
[.....S.#...............
.....b(@#...............
........#...............
........................
.....>..................
........#####...........
.....S... .... ......
......... ... ......
.........# .. ......
.........# ####.


You could see an adder, a bat and a ball python.

Vanquished Creatures
  2 adders (D:2)
  4 dart slugs
  A ball python (D:1)
  3 endoplasms
  2 giant cockroaches (D:1)
  A goblin (D:1)
  5 hobgoblins
  4 quokkas (D:1)
  2 bats
  2 frilled lizards (D:1)
  2 kobolds (D:1)
  3 rats
31 creatures vanquished.

Notes
Turn   | Place    | Note
-------+----------+-------------------------------------------
     0 | D:1      | KittyFluff the Gargoyle Berserker began the quest for the
                  | Orb.
     0 | D:1      | Reached XP level 1. HP: 14/14 MP: 1/1
   242 | D:1      | Reached XP level 2. HP: 13/19 MP: 2/2
   637 | D:1      | Reached XP level 3. HP: 23/23 MP: 3/3
  1014 | D:2      | Reached ** piety under Trog
  1015 | D:2      | Reached skill level 1 in Stealth
  1110 | D:2      | HP: 1/34 [hobgoblin (1)]
  1113 | D:2      | Slain by an adder

Illustrated notes

Levels and vault maps discovered:
D:1:      minmay_arrival_three_doors, layout_loops_ring
D:2:      layout_basic, minmay_pentomino_w2

Skill      XL: |  1  2  3 |
---------------+----------+-----
Armour         | 3 |  3.1
Stealth        | 1 |  1.0
Fighting       | |  3.5
Maces & Flails | |  3.5
Dodging        | |  1.8

Action                     || total
---------------------------++-------
  Melee: Mace              ||   108
         Punch             ||     1
 Invoke: Berserk           ||     1
   Stab: Sleeping          ||     2
 Armour: Animal skin       ||    52
  Dodge: Dodged            ||   108
